 Dungeon Crawl Stone Soup version 0.31-a0-164-g2312942fda (webtiles) character file.

Game seed: 8449910100111366453

5927 ryw the Destroyer (level 10, -2/56 HPs)
             Began as a Deep Elf Fire Elementalist on June 14, 2023.
             Was a High Priest of Vehumet.
             Slain by a tengu warrior
             ... wielding a +0 battleaxe
              (12 damage)
             ... on level 9 of the Dungeon.
             The game lasted 00:26:22 (11921 turns).

ryw the Destroyer (Deep Elf Fire Elementalist)     Turns: 11921, Time: 00:26:22

Health: -2/56      AC:  5    Str:  5    XL:     10   Next: 54%
Magic:  13/24      EV: 15    Int: 25    God:    Vehumet [*****.]
Gold:   635        SH:  6    Dex: 23    Spells: 5/25 levels left

rFire   . . .        n - +5 dagger of Circularity {elec, Dex+2}
rCold   . . .        m - +0 buckler
rNeg    . . .        a - +1 robe
rPois   +            s - +0 helmet
rElec   .            A - scarf {repulsion}
rCorr   .            j - +0 pair of gloves
SInv    .            (no boots)
Will    +....        c - amulet of faith
Stlth   +++          i - +6 ring of dexterity
HPRegen 0.29/turn    g - ring of poison resistance
MPRegen 0.19/turn

%: repel missiles, faith
@: studying Armour
A: no striking features
a: Renounce Religion


You were on level 9 of the Dungeon.
You worshipped Vehumet.
Vehumet was extremely pleased with you.
You visited 2 branches of the dungeon, and saw 10 of its levels.

You collected 635 gold pieces.

Inventory:

Hand Weapons
 n - the +5 dagger of Circularity (weapon) {elec, Dex+2}
   (You found it on level 2 of the Dungeon)

   Dex:       It affects your dexterity (+2).
 z - the +1 falchion of Harmony {venom, Fragile Str+3 Dex+2}
   (You found it on level 7 of the Dungeon)

   Str:       It affects your strength (+3).
   Dex:       It affects your dexterity (+2).
   Fragile:   It will be destroyed if unequipped.
Armour
 a - a +1 robe (worn)
 j - a +0 pair of gloves (worn)
 m - a +0 buckler (worn)
 s - a +0 helmet (worn)
 w - a +3 leather armour of fire resistance
 A - a scarf of repulsion (worn)
 B - +0 fire dragon scales
Jewellery
 c - an amulet of faith (around neck)
 g - a ring of poison resistance (right hand)
 i - a +6 ring of dexterity (left hand)
 o - an amulet of guardian spirit
 C - a +6 ring of strength
Wands
 u - a wand of roots (7)
 v - a wand of mindburst (33)
Scrolls
 d - 3 scrolls of enchant weapon
 f - 4 scrolls of teleportation
 p - a scroll of fear
 t - 2 scrolls of blinking
 x - a scroll of enchant armour
 y - a scroll of noise {unknown}
 D - a scroll of poison
Potions
 b - 3 potions of magic
 e - 4 potions of heal wounds
 h - 2 potions of mutation
 k - a potion of brilliance
 l - 2 potions of curing
 q - a potion of attraction
 r - a potion of resistance


   Skills:
 - Level 3.0 Fighting
 - Level 3.0 Short Blades
 - Level 5.0 Dodging
 - Level 3.0 Stealth
 + Level 4.2 Shields
 - Level 8.0 Spellcasting
 * Level 10.3 Conjurations
 - Level 1.0 Translocations
 - Level 8.0 Fire Magic
 - Level 3.0 Air Magic
 - Level 3.0 Poison Magic


You had 5 spell levels left.
You knew the following spells:

 Your Spells              Type           Power      Damage    Failure   Level
a - Foxfire               Conj/Fire      100%       2x1d9     1%          1
b - Scorch                Fire           100%       2d9       1%          2
c - Volatile Blastmotes   Fire/Tloc      64%        2d15      1%          3
d - Flame Wave            Conj/Fire      54%        2d13      1%          4
e - Mephitic Cloud        Conj/Pois/Air  37%        N/A       1%          3
f - Orb of Destruction    Conj           29%        9d9       30%         7

Your spell library contained the following spells:

 Spells                   Type           Power      Damage    Failure   Level
 Hailstorm                Conj/Ice       35%        3d9       1%          3
 Shock                    Conj/Air       100%       1d9       1%          1
 Ignite Poison            Fire/Tmut/Pois 28%        N/A       1%          3
 Inner Flame              Hex/Fire       30%        N/A       1%          3
 Apportation              Tloc           30%        N/A       7%          1
 Cigotuvi's Dreadful Rot  Necr/Pois/Air  40%        N/A       7%          2
 Airstrike                Air            12%        2d(2-18)  8%          4
 Swiftness                Air            25%        N/A       9%          3
 Freezing Cloud           Conj/Ice/Air   16%        6-21      12%         5
 Summon Guardian Golem    Hex/Summ       10%        N/A       30%         3
 Animate Dead             Necr           10%        N/A       69%         4
 Alistair's Intoxication  Tmut/Pois      11%        N/A       83%         5
 Agony                    Necr           10%        N/A       95%         5
 Spellforged Servitor     Conj/Summ      17%        N/A       91%         7
 Death Channel            Necr           5%         N/A       100%        6


Dungeon Overview and Level Annotations

Branches:
Dungeon (9/15)             Temple (1/1) D:4            Lair (0/5) D:8
    Orc: D:9-12

Altars:
Ashenzari
Cheibriados
Dithmenos
Elyvilon
Fedhas
Gozag
Hepliaklqana
Kikubaaqudgha
Makhleb
Nemelex Xobeh
Okawaru
Qazlal
Ru
Sif Muna
Trog
Uskayaw
Vehumet
Wu Jian
Xom
Yredelemnul
Zin
The Shining One

Shops:
D:4 =   D:7 :

Annotations:
D:6 3 runed translucent doors, AwFulAwFulPlayer's ghost, novice DsCK


Message History

The tengu warrior is heavily wounded.
The tengu warrior hits you with a +0 battleaxe.
The tengu warrior misses you. The tengu warrior claws you.
Casting: Scorch (safe; 1% risk of failure)
Confirm with . or Enter, or press ? or * to list all spells.
You conjure some foxfire!
The tengu warrior hits you with a +0 battleaxe!
The tengu warrior closely misses you. You block the tengu warrior's attack.
Casting: Foxfire (safe; 1% risk of failure)
Confirm with . or Enter, or press ? or * to list all spells.
Flames lash the tengu warrior.
The tengu warrior is burned terribly!
The tengu warrior is severely wounded.
The foxfire hits the tengu warrior.
The tengu warrior is burned terribly!
The tengu warrior is severely wounded.
The foxfire hits the tengu warrior.
The tengu warrior is burned terribly!
The tengu warrior is severely wounded.
The tengu warrior barely misses you. The tengu warrior pecks you.
* * * LOW HITPOINT WARNING * * *
The tengu warrior claws you.
* * * LOW HITPOINT WARNING * * *
Casting: Scorch (safe; 1% risk of failure)
Confirm with . or Enter, or press ? or * to list all spells.
You conjure some foxfire!
The tengu warrior barely misses you. The tengu warrior misses you.
The tengu warrior closely misses you.
Casting: Foxfire (safe; 1% risk of failure)
Confirm with . or Enter, or press ? or * to list all spells.
Flames lash the tengu warrior.
The tengu warrior is burned terribly!
The tengu warrior is almost dead.
The foxfire hits the tengu warrior but does no damage.
The tengu warrior is almost dead.
The foxfire hits the tengu warrior.
The tengu warrior is almost dead.
The tengu warrior misses you. You block the tengu warrior's attack.
The tengu warrior claws you.
* * * LOW HITPOINT WARNING * * *
Casting: Scorch (safe; 1% risk of failure)
Confirm with . or Enter, or press ? or * to list all spells.
You conjure some foxfire!
The tengu warrior hits you with a +0 battleaxe!
You die...

#.......#.# #..##########
####....#.# #..# .....#.####..#
# ....##.#.....# ♣♣ +
....##.#.#...#♣♣♣.♣ #
.##.#.#...#♣...♣#
#.#+#...#.###.# #...v.....# #v##
.##### #...v@Q...# +§.
....####...§...†.# #§#
#....##.......#.###.#
####.....#.#'#...#♣...♣#
......).#.#.#...#♣♣♣.♣
######....[).#.#...#♣♣.♣♣
..........<.)#.#...#♣.♣♣
######.#.#..).....#♣♣.♣
#......#.##..).>..##############


You could see a tengu warrior (combustible, ally target).

Vanquished Creatures
  A cyclops (D:7)
  A troll (D:8)
  A shadow (D:8)
  2 wyverns
  3 water moccasins
  4 sky beasts
  3 orc warriors
  An ice beast (D:6)
  4 wolves (D:8)
  3 ogres
  3 centaurs
  2 kobold brigands
  6 bullfrogs
  2 gnoll sergeants (D:8)
  4 scorpions
  20 killer bees
  3 electric eels (D:8)
  2 howler monkeys
  A crimson imp (D:9)
  A jelly (D:6)
  5 orc priests
  A sleepcap (D:7)
  3 hounds
  Ijyb (D:5)
  Jessica (D:2)
  6 iguanas
  9 orc wizards
  11 gnolls (D:8)
  3 adders
  3 white imps
  An ufetubus (D:6)
  2 worms (D:2)
  4 dart slugs
  27 orcs
  12 endoplasms
  5 giant cockroaches
  8 goblins
  12 hobgoblins
  3 jackals (D:2)
  3 quokkas
  6 ball pythons
  4 bats
  4 frilled lizards
  15 kobolds
  5 rats
221 creatures vanquished.

Vanquished Creatures (others)
  1087 foxfires
1087 creatures vanquished.

Grand Total: 1308 creatures vanquished

Notes
Turn   | Place    | Note
-------+----------+-------------------------------------------
     0 | D:1      | ryw the Deep Elf Fire Elementalist began the quest for the
                  | Orb.
     0 | D:1      | Reached XP level 1. HP: 10/10 MP: 6/6
   154 | D:1      | Reached XP level 2. HP: 15/15 MP: 1/8
   265 | D:1      | Learned a level 2 spell: Scorch
  1190 | D:1      | Reached skill level 2 in Conjurations
  1221 | D:1      | Reached XP level 3. HP: 20/20 MP: 6/9
  1228 | D:1      | Learned a level 3 spell: Volatile Blastmotes
  1850 | D:2      | Identified the +5 dagger of Circularity {elec, Dex+2}
  1850 | D:2      | You fall into a shaft and drop 2 floors!
  1850 | D:4      | Found a staircase to the Ecumenical Temple.
  1856 | Temple   | Entered the Ecumenical Temple
  1928 | Temple   | Became a worshipper of Vehumet
  2462 | D:2      | Reached XP level 4. HP: 24/24 MP: 7/11
  2482 | D:2      | Learned a level 4 spell: Flame Wave
  2927 | D:2      | Noticed Jessica
  3010 | D:2      | Reached skill level 1 in Fighting
  3066 | D:2      | Reached * piety under Vehumet
  3066 | D:2      | Offered knowledge of Kiss of Death by Vehumet.
  3161 | D:2      | Killed Jessica
  3720 | D:3      | Found a glowing golden altar of the Shining One.
  3723 | D:3      | Found a sacrificial altar of Ru.
  3723 | D:3      | Found a hazy altar of Hepliaklqana.
  3723 | D:3      | Found a snail-covered altar of Cheibriados.
  3724 | D:3      | Found a burning altar of Makhleb.
  3724 | D:3      | Found an opulent altar of Gozag.
  3726 | D:3      | Found a broken altar of Ashenzari.
  3726 | D:3      | Found a white marble altar of Elyvilon.
  3726 | D:3      | Found a shadowy altar of Dithmenos.
  4244 | D:4      | Reached skill level 3 in Conjurations
  4260 | D:4      | Reached skill level 1 in Translocations
  4260 | D:4      | Reached XP level 5. HP: 26/29 MP: 5/13
  4652 | D:4      | Noticed an ogre
  4798 | D:4      | Killed an ogre
  4799 | D:4      | Reached skill level 4 in Conjurations
  4799 | D:4      | Reached XP level 6. HP: 34/34 MP: 12/14
  4842 | D:4      | Reached skill level 5 in Fire Magic
  5353 | D:4      | Found Teezxe's Jewellery Shop.
  5443 | D:5      | Entered Level 5 of the Dungeon
  5562 | D:5      | Offered knowledge of Static Discharge by Vehumet.
  5563 | D:5      | Reached skill level 5 in Spellcasting
  5577 | D:5      | Reached ** piety under Vehumet
  5578 | D:5      | Reached XP level 7. HP: 34/38 MP: 7/16
  5728 | D:5      | Reached skill level 5 in Conjurations
  5781 | D:5      | Noticed Ijyb
  6106 | D:5      | Killed Ijyb
  6767 | D:6      | Reached skill level 6 in Conjurations
  6767 | D:6      | Reached XP level 8. HP: 44/44 MP: 10/18
  6871 | D:6      | Got the Anthology of Ectoplasm and Contaminants
  7215 | D:6      | Offered knowledge of Mephitic Cloud by Vehumet.
  7225 | D:6      | Reached skill level 1 in Shields
  7257 | D:6      | Learned a level 3 spell: Mephitic Cloud
  7365 | D:6      | Found a runed translucent gate.
  7365 | D:6      | Found a runed translucent gate.
  7366 | D:6      | Found a runed translucent gate.
  7368 | D:6      | Noticed AwFulAwFulPlayer's ghost (novice DsCK)
  7707 | D:6      | Reached skill level 7 in Conjurations
  7840 | D:6      | Reached skill level 1 in Poison Magic
  7846 | D:6      | Reached *** piety under Vehumet
  8123 | D:7      | Reached skill level 1 in Air Magic
  8130 | D:7      | Reached skill level 5 in Dodging
  8137 | D:7      | Reached skill level 1 in Short Blades
  8137 | D:7      | Reached XP level 9. HP: 14/48 MP: 2/21
  8320 | D:7      | Offered knowledge of Fulminant Prism by Vehumet.
  8495 | D:7      | Noticed a cyclops
  8514 | D:7      | Killed a cyclops
  8515 | D:7      | Reached skill level 8 in Conjurations
  8992 | D:7      | Noticed a walking frostbound tome
  8993 | D:7      | Found Masiats's Book Shoppe.
  8994 | D:7      | Identified the +1 falchion of Harmony {venom, Fragile Str+3
                  | Dex+2}
  8994 | D:7      | Noticed a walking earthen tome
  9017 | D:7      | Reached **** piety under Vehumet
  9078 | D:7      | Learned a level 7 spell: Orb of Destruction
  9678 | D:8      | Offered knowledge of Hailstorm by Vehumet.
  9908 | D:8      | Noticed a troll
 10403 | D:8      | Reached XP level 10. HP: 56/56 MP: 17/23
 10492 | D:8      | Reached skill level 9 in Conjurations
 10700 | D:8      | Found a staircase to the Lair.
 10893 | D:8      | Found a hide-covered altar of Uskayaw.
 11553 | D:9      | Reached skill level 10 in Conjurations
 11668 | D:9      | Reached ***** piety under Vehumet
 11911 | D:9      | Noticed a tengu warrior
 11921 | D:9      | Slain by a tengu warrior

Illustrated notes

Levels and vault maps discovered:
D:1:      scummos_arrival_simple_crosswalls, layout_basic
D:2:      layout_loops_ring, uniq_jessica
D:3:      layout_loops_ring, nicolae_overflows_in_rows, corexii_leaking_fountain
D:4:      layout_loops_cross, lemuel_temple_firewalk_a, serial_shops, shop
D:5:      layout_basic, kennysheep_decorative_pillar, uniq_ijyb
D:6:      layout_basic, gammafunk_ghost_necromancy
D:7:      nicolae_cairo_tiling_large_dashed, layout_basic, serial_shops,
          nicolae_shop_mannequins, minmay_manual_moon
D:8:      layout_loops_corners, lemuel_doored_altar, erik_lair_island,
          kennysheep_potato
D:9:      nzn_winding_woodlands_small [nzn_winding_woodlands_5x15_concentric,
          nzn_winding_woodlands_center_diamonds,
          nzn_winding_woodlands_5x15_cabin], layout_basic,
          minmay_fire_ice_demons
Temple:   nicolae_temple_godzebo

Skill      XL: |  1  2  3  4  5  6  7  8  9 10 |
---------------+-------------------------------+-----
Conjurations   | 2 3 4 6 7 8 10 | 10.3
Dodging        | 3 4 5 |  5.0
Stealth        | 3 |  3.0
Fighting       | 1 2 3 |  3.0
Fire Magic     | 4 5 6 7 8 |  8.0
Spellcasting   | 4 5 6 7 8 |  8.0
Translocations | 1 |  1.0
Shields        | 1 2 4 |  4.2
Poison Magic   | 1 3 |  3.0
Air Magic      | 1 3 |  3.0
Short Blades   | 1 3 |  3.0

Action                     |  1- 3 |  4- 6 |  7- 9 | 10-12 || total
---------------------------+-------+-------+-------+-------++-------
  Melee: Unarmed           |     1 |       |       |       ||     1
         Dagger            |       |       |    11 |     7 ||    18
   Cast: Foxfire           |   121 |   133 |   270 |   122 ||   646
         Volatile Blastmot |       |     2 |     2 |       ||     4
         Scorch            |       |       |    47 |    32 ||    79
         Mephitic Cloud    |       |       |     1 |       ||     1
         Flame Wave        |       |       |       |     1 ||     1
    Use: Scroll            |       |     7 |    12 |       ||    19
         Potion            |       |       |     4 |       ||     4
 Armour: Robe              |     4 |     4 |    17 |     1 ||    26
  Dodge: Dodged            |     8 |    13 |    79 |    47 ||   147
         Repelled          |       |       |     1 |     1 ||     2
  Block: Buckler           |       |       |     7 |    13 ||    20

Table legend: (Time is in decaauts)
 A = Elapsed time spent in this place.
 B = Non-inter-level travel time spent in this place.
 C = Inter-level travel time spent in this place.
 D = Time resting spent in this place.
 E = Time spent auto-exploring this place.
 F = Levels seen in this place.
 G = Mean time per level.
                   A        B        C        D        E       F      G
               +--------+--------+--------+--------+--------+-----+--------+
         Total |  11924 |  11534 |    390 |   1579 |   7965 |  10 | 1192.4 |
       Dungeon |  11822 |  11460 |    362 |   1579 |   7905 |   9 | 1313.6 |
        Temple |    101 |     73 |     28 |      0 |     60 |   1 |  101.0 |
               +--------+--------+--------+--------+--------+-----+--------+

Top non-repeatable levels by time:
     D:8: 1903 daAuts
     D:1: 1668 daAuts
     D:6: 1600 daAuts
     D:2: 1403 daAuts
     D:7: 1311 daAuts
     D:4: 1243 daAuts
     D:3: 1027 daAuts
     D:5: 1013 daAuts
     D:9: 650 daAuts
  Temple: 101 daAuts
